 Dungeon Crawl Stone Soup version 0.20.1-1-g8b1a95d (webtiles) character file.

29774 wyrdjoy the Executioner (level 13, 0/104 HPs)
             Began as a Hill Orc Fighter on July 24, 2017.
             Was a High Priest of Trog.
             Slain by a 12-headed hydra (9 damage)
             ... on level 4 of the Lair of Beasts.
             The game lasted 00:37:20 (16086 turns).

wyrdjoy the Executioner (Hill Orc Fighter)         Turns: 16086, Time: 00:37:21

Health: 0/104      AC: 16    Str: 24    XL:     13   Next: 47%
Magic:  7/13       EV:  9    Int:  8    God:    Trog [*****.]
Gold:   964        SH:  6    Dex: 10    Spells: 12/12 levels left

rFire    + + .     SeeInvis .   H - +3 war axe (freeze)
rCold    + . .     Gourm    .   v - +2 buckler {rF+}
rNeg     . . .     Faith    .   M - +2 scale mail {rPois}
rPois    +         Spirit   .   y - +2 hat
rElec    .         Reflect  .   l - +0 cloak
rCorr    .         Harm     .   L - +1 pair of gloves
MR       .....                  S - +0 pair of boots
Stlth    ..........             (no amulet)
Regen    0.3/turn               j - ring of protection from cold
MPRegen  0.2/turn               D - ring of protection from fire

@: berserk cooldown, slowed, very slow
A: no striking features
a: Berserk, Trog's Hand, Brothers in Arms, Burn Spellbooks, Renounce Religion


You were on level 4 of the Lair of Beasts.
You worshipped Trog.
Trog was extremely pleased with you.
You were hungry.

You visited 3 branches of the dungeon, and saw 15 of its levels.
You also visited: Ice Cave.

You collected 964 gold pieces.

Inventory:

Hand Weapons
 s - a +0 battleaxe of freezing
 A - a +3 battleaxe of electrocution
 B - a +2 battleaxe
 H - a +3 war axe of freezing (weapon)
 V - a +3 antimagic executioner's axe
Armour
 l - a +0 cloak (worn)
 v - a +2 buckler of fire resistance (worn)
 x - a +2 shield of cold resistance
 y - a +2 hat (worn)
 z - a +0 plate armour
 L - a +1 pair of gloves (worn)
 M - a +2 scale mail of poison resistance (worn)
 S - a +0 pair of boots (worn)
Jewellery
 b - a +5 amulet of reflection {unknown}
 j - a ring of protection from cold (left hand)
 k - a +1 ring of evasion {unknown}
 D - a ring of protection from fire (right hand)
 R - the amulet "Postrolou" {Inacc rPois rF+ rN+ Int+2, unknown}
   (You found it on level 3 of the Lair of Beasts)

   [amulet of inaccuracy]

   It reduces the accuracy of all your attacks.
   It affects your intelligence (+2).
   It protects you from fire.
   It protects you from poison.
   It protects you from negative energy.
Wands
 a - a wand of lightning (2/15)
 F - a wand of lightning (5/15)
 J - a wand of paralysis (4/24)
 N - a wand of lightning (9/15)
 U - a wand of paralysis (14/24)
Scrolls
 e - 3 scrolls of fog
 g - 5 scrolls of blinking {unknown}
 m - a scroll of random uselessness {unknown}
 n - 4 scrolls of remove curse
 o - 8 scrolls of teleportation
 u - a scroll of recharging {unknown}
 w - 3 scrolls of magic mapping {unknown}
 E - a scroll of fear {unknown}
 G - 3 scrolls of enchant weapon {unknown}
 P - a scroll of torment {unknown}
Potions
 c - 4 potions of mutation {unknown}
 d - 4 potions of might
 h - a potion of flight {unknown}
 i - a potion of ambrosia {unknown}
 p - 2 potions of agility
 r - 5 potions of curing
 t - 4 potions of haste
 C - 3 potions of cancellation
 I - 4 potions of heal wounds {unknown}
 O - a potion of brilliance
Miscellaneous
 K - a phantom mirror
Comestibles
 f - 2 bread rations
 q - 6 meat rations
 Q - a fruit
 T - 21 chunks of flesh


   Skills:
 + Level 6.6 Fighting
 - Level 24.3 Axes
 + Level 6.3 Armour
 - Level 3.2 Shields


You had 12 spell levels left.
You didn't know any spells.

Dungeon Overview and Level Annotations

Branches:
Dungeon (10/15)            Temple (1/1) D:4            Lair (4/6) D:10
  Swamp: Lair:2-4    Shoals: Lair:2-4     Snake: Lair:2-4    Spider: Lair:2-4
    Orc: D:9-12

Altars:
Ashenzari
Ru
Trog

Shops:
D:7 :   D:8 %


Message History

The 12-headed hydra bites you but does no damage.
The 12-headed hydra bites you!
* * * LOW HITPOINT WARNING * * *
The 12-headed hydra bites you!
* * * LOW HITPOINT WARNING * * *
The 12-headed hydra bites you.
* * * LOW HITPOINT WARNING * * *
The 12-headed hydra bites you but does no damage.
The 12-headed hydra closely misses you. The 12-headed hydra bites you!
* * * LOW HITPOINT WARNING * * *
You are too berserk!
You see here a fruit.
You feel a strong urge to attack something.
You feel your anger subside.
You are no longer berserk.
You are exhausted.
You feel yourself slow down.
The 12-headed hydra is no longer moving slowly.
The 12-headed hydra bites you!
You die...

#P #P .... .. .......# .#
.......# #.# .P....# ##..#
##P.... #...##
#.....###@...##.
#......D........
.####....P.#...###..
#.###.P.......##...#
.............###.### ...
...........[.# #..# ....
.............###.####....
.........................
............รท...........(


You could see a 12-headed hydra.

Vanquished Creatures
  A frost giant (IceCv)
  3 two-headed ogres
  Nergalle (D:10)
  An unseen horror (D:10)
  Pikel (D:7)
  2 oklob plants (Lair:3)
  10 elephants
  2 black mambas
  An ice statue (IceCv)
  6 spiny frogs
  A centaur skeleton (D:10)
  3 komodo dragons
  2 ice devils (Lair:1)
  2 trolls (D:9)
  17 polar bears
  Grinder (D:6)
  3 hippogriffs
  23 yaks
  Sigmund (D:6)
  7 wyverns
  A hungry ghost (D:10)
  A basilisk (Lair:1)
  Eustachio (D:6)
  Menkaure (D:6)
  2 water moccasins
  2 ice beasts
  4 porcupines
  3 sky beasts
  3 orc warriors
  An eye of draining (D:9)
  2 phantoms
  19 wolves
  6 ogres
  3 centaurs
  3 crocodiles (Lair:1)
  2 big kobolds
  13 bullfrogs
  3 scorpions
  14 wights
  2 howler monkeys (D:8)
  3 crimson imps
  A centaur zombie (D:6)
  A quasit (D:9)
  A bullfrog zombie (D:7)
  3 hounds
  7 orc priests
  2 jellies
  4 orc wizards
  Jessica (D:3)
  4 iguanas
  6 worker ants
  A worker ant zombie (D:5)
  10 adders
  8 gnolls
  A howler monkey skeleton (D:10)
  A shadow imp (D:9)
  An ooze (D:7)
  An adder skeleton (D:4)
  3 worms
  3 dart slugs
  2 leopard geckos
  33 orcs
  A giant cockroach (D:7)
  8 goblins
  5 hobgoblins
  3 jackals (D:2)
  5 quokkas
  A ball python (D:4)
  8 bats
  4 frilled lizards
  19 kobolds
  2 leopard gecko skeletons (D:4)
  8 rats
  A fungus (Lair:1)
  2 plants (Lair:1)
338 creatures vanquished.

Vanquished Creatures (others)
  3 slaves (D:7)
  A jelly (D:7)
  4 orcs (D:7)
  3 fungi
  10 plants
21 creatures vanquished.

Grand Total: 359 creatures vanquished

Notes
Turn   | Place    | Note
-------+----------+-------------------------------------------
     0 | D:1      | wyrdjoy the Hill Orc Fighter began the quest for the Orb.
     0 | D:1      | Reached XP level 1. HP: 19/19 MP: 1/1
   114 | D:1      | Reached skill level 3 in Axes
   343 | D:1      | Reached XP level 2. HP: 26/26 MP: 2/2
   476 | D:1      | Reached skill level 4 in Axes
   919 | D:2      | Reached XP level 3. HP: 31/31 MP: 3/3
  1015 | D:2      | Found a shattered altar of Ashenzari.
  1022 | D:2      | Reached skill level 5 in Axes
  1176 | D:2      | Reached XP level 4. HP: 37/39 MP: 4/4
  1628 | D:3      | Reached skill level 6 in Axes
  1807 | D:3      | Noticed Jessica
  1815 | D:3      | Killed Jessica
  1815 | D:3      | Reached XP level 5. HP: 34/45 MP: 5/5
  2088 | D:3      | Reached skill level 7 in Axes
  2191 | D:4      | Found a staircase to the Ecumenical Temple.
  2204 | Temple   | Entered the Ecumenical Temple
  2257 | Temple   | Became a worshipper of Trog the Wrathful
  2773 | D:4      | Reached skill level 8 in Axes
  2773 | D:4      | Reached XP level 6. HP: 32/51 MP: 6/6
  3250 | D:4      | Noticed an ice beast
  3259 | D:4      | Killed an ice beast
  3259 | D:4      | Reached skill level 9 in Axes
  3438 | D:4      | Reached XP level 7. HP: 56/57 MP: 7/7
  3528 | D:5      | Entered Level 5 of the Dungeon
  3541 | D:5      | Reached skill level 10 in Axes
  4144 | D:5      | Reached skill level 11 in Axes
  4189 | D:5      | Reached XP level 8. HP: 40/64 MP: 8/8
  4421 | D:5      | Reached skill level 12 in Axes
  4945 | D:6      | Reached * piety under Trog
  5014 | D:6      | Noticed Grinder
  5023 | D:6      | Paralysed by Grinder for 2 turns
  5030 | D:6      | Killed Grinder
  5030 | D:6      | Reached skill level 13 in Axes
  5290 | D:6      | Noticed Eustachio
  5305 | D:6      | Killed Eustachio
  5305 | D:6      | Reached skill level 14 in Axes
  5305 | D:6      | Reached XP level 9. HP: 70/70 MP: 9/9
  5516 | D:6      | Noticed Sigmund
  5522 | D:6      | Killed Sigmund
  5750 | D:6      | Noticed Menkaure
  5760 | D:6      | Killed Menkaure
  6058 | D:6      | Reached skill level 15 in Axes
  6154 | D:7      | Noticed Pikel
  6161 | D:7      | Killed Pikel
  6161 | D:7      | Reached skill level 16 in Axes
  6589 | D:7      | Reached ** piety under Trog
  6810 | D:7      | Reached XP level 10. HP: 77/77 MP: 10/10
  6823 | D:7      | Found Gasmerei's Book Emporium.
  6926 | D:7      | Noticed a two-headed ogre
  6932 | D:7      | Killed a two-headed ogre
  6932 | D:7      | Reached skill level 17 in Axes
  7278 | D:8      | Found Xuwkaufa's Food Boutique.
  7408 | D:8      | Noticed a two-headed ogre
  7415 | D:8      | Killed a two-headed ogre
  7415 | D:8      | Reached skill level 18 in Axes
  7787 | D:9      | Noticed a two-headed ogre
  7795 | D:9      | Killed a two-headed ogre
  7795 | D:9      | Reached *** piety under Trog
  7801 | D:9      | Reached skill level 19 in Axes
  8164 | D:9      | Reached XP level 11. HP: 80/82 MP: 11/11
  8936 | D:10     | Entered Level 10 of the Dungeon
  9206 | D:10     | Reached skill level 20 in Axes
  9289 | D:10     | Killed an unseen horror
  9579 | D:10     | Found a staircase to the Lair.
 10076 | D:10     | Noticed Nergalle
 10091 | D:10     | Killed Nergalle
 10292 | Lair:1   | Entered Level 1 of the Lair of Beasts
 10388 | Lair:1   | Found a frozen archway.
 10583 | IceCv    | Entered an ice cave
 10592 | IceCv    | Reached skill level 21 in Axes
 10668 | IceCv    | Reached **** piety under Trog
 11274 | IceCv    | Reached XP level 12. HP: 86/90 MP: 12/12
 11525 | IceCv    | Reached skill level 22 in Axes
 11728 | IceCv    | Noticed a frost giant
 11759 | IceCv    | Killed a frost giant
 12070 | Lair:1   | Reached skill level 23 in Axes
 13198 | Lair:1   | Reached skill level 24 in Axes
 13676 | Lair:2   | Reached XP level 13. HP: 60/95 MP: 13/13
 14835 | Lair:3   | Reached skill level 5 in Fighting
 15051 | Lair:3   | Got a flickering bronze amulet
 15113 | Lair:3   | Reached skill level 5 in Armour
 15471 | Lair:3   | Reached ***** piety under Trog
 15944 | Lair:4   | Received a gift from Trog
 16086 | Lair:4   | Slain by a 12-headed hydra

Skill      XL: |  1  2  3  4  5  6  7  8  9 10 11 12 13 |
---------------+----------------------------------------+-----
Axes           | 3 4 5 6 8 9 11 14 16 19 21 24 | 24.3
Fighting       | 6 |  6.6
Armour         | 6 |  6.3
Shields        | |  3.2

Action                   |  1- 3 |  4- 6 |  7- 9 | 10-12 | 13-15 || total
-------------------------+-------+-------+-------+-------+-------++-------
Melee: War axe           |   107 |   151 |   170 |   322 |   149 ||   899
       Battleaxe         |       |       |    76 |   203 |       ||   279
Invok: Burn Spellbooks   |       |     1 |       |     2 |     1 ||     4
       Berserk           |       |       |     4 |    12 |     5 ||    21
       Trog's Hand       |       |       |       |     1 |       ||     1
  Use: Scroll            |       |       |     4 |     6 |       ||    10
  Eat: Chunk             |     1 |     7 |     9 |    30 |     4 ||    51
       Royal jelly       |       |       |     1 |     1 |     1 ||     3
       Bread ration      |       |       |     1 |       |     1 ||     2
       Fruit             |       |       |       |     1 |     2 ||     3
Armor: Scale mail        |    58 |    69 |     8 |       |    72 ||   207
       Chain mail        |       |       |    15 |       |       ||    15
       Plate armour      |       |       |    79 |   310 |     3 ||   392
Dodge: Dodged            |    35 |    42 |    56 |   121 |    49 ||   303
Block: Shield            |    67 |    79 |       |    54 |    10 ||   210
       Buckler           |       |     3 |    33 |    61 |    33 ||   130
